 Dungeon Crawl Stone Soup version 0.31-a0-840-g6d2ecbb638 (webtiles) character file.

Game seed: 599201990435265066

3684 BinkBink the Covert (level 9, -4/47 HPs)
             Began as a Spriggan Brigand on Sept 27, 2023.
             Was a Follower of Dithmenos.
             Slain by a kobold brigand
             ... wielding the +3 rapier of Maryseir {chaos, Fragile rElec rPois MP+9}
              (6 damage)
             ... while paralysed by a kobold brigand
             ... on level 5 of the Dungeon.
             The game lasted 00:30:52 (9865 turns).

BinkBink the Covert (Spriggan Brigand)              Turns: 9865, Time: 00:30:52

Health: -4/47      AC:  5    Str:  7    XL:     9   Next: 90%
Magic:  10/10      EV:  4    Int: 13    God:    Dithmenos [*.....]
Gold:   521        SH:  0    Dex: 20    Spells: 8/8 levels left

rFire   + . .        D - +3 dagger (venom)
rCold   + . .        (no shield)
rNeg    . . .        z - +2 robe {rC+ rF+}
rPois   .            (helmet restricted)
rElec   .            c - +0 cloak
rCorr   .            (gloves unavailable)
SInv    +            (boots unavailable)
Will    +....        h - amulet of faith
Stlth   ++++++       q - ring of flight
HPRegen 0.27/turn    (no ring)
MPRegen 0.12/turn

%: faith
@: paralysed, lethally poisoned (-4 -> -24), flying, wreathed by umbra, studying
Fighting, very quick
A: very small, no large weapons, unfitting armour, see invisible, speed 3
a: Renounce Religion


You were on level 5 of the Dungeon.
You worshipped Dithmenos.
Dithmenos was aware of your devotion.
You visited 2 branches of the dungeon, and saw 9 of its levels.
You also visited: Sewer.

You collected 521 gold pieces.

Inventory:

Hand Weapons
 a - a +2 dagger
 m - a +0 quick blade
 t - a +2 short sword of holy wrath
 v - the +0 mace "Murmur" {vamp, rElec rPois Str+5}
   (You found it on level 3 of the Dungeon)

   Str+5:     It affects your strength (+5).
   rElec:     It insulates you from electricity.
   rPois:     It protects you from poison
 D - a +3 dagger of venom (weapon)
 S - the +7 halberd of Benevolence {pain, *Noise Dex+5}
   (You took it off a gnoll on level 3 of the Dungeon)

   Dex+5:     It affects your dexterity (+5).
   *Noise:    It may make a loud noise when swung.
Missiles
 b - 3 datura-tipped darts
 d - 27 poisoned darts (quivered)
 e - 3 curare-tipped darts
 K - 4 atropa-tipped darts
 Q - 4 throwing nets
Armour
 c - a +0 cloak (worn)
 z - a +2 robe of resistance (worn)
Jewellery
 h - an amulet of faith (around neck)
 q - a ring of flight (left hand)
 A - an amulet of the acrobat
 J - the ring of Bodu {rPois Will- MP+9 Str+2}
   (You found it on level 5 of the Dungeon)

   [ring of magical power]

   Str+2:     It affects your strength (+2).
   rPois:     It protects you from poison Will-: It decreases your willpower.
   MP+9:      It affects your magic capacity (+9).
Wands
 H - a wand of paralysis (11)
 O - a wand of acid (11)
 T - a wand of flame (25)
Scrolls
 f - 2 scrolls of brand weapon {unknown}
 i - 4 scrolls of enchant armour {unknown}
 j - 3 scrolls of blinking {unknown}
 k - 2 scrolls of teleportation {unknown}
 l - 3 scrolls of noise {unknown}
 r - a scroll of revelation {unknown}
 s - 6 scrolls of identify {unknown}
 y - 2 scrolls of silence {unknown}
 C - a scroll of poison {unknown}
 E - a scroll of fear {unknown}
 G - a scroll of vulnerability {unknown}
Potions
 g - 2 potions of might
 n - 3 potions of curing
 o - a potion of enlightenment {unknown}
 p - 4 potions of haste
 u - a potion of heal wounds {unknown}
 w - 5 potions of magic {unknown}
 x - a potion of experience {unknown}
 B - 2 potions of invisibility {unknown}
 F - a potion of attraction {unknown}
 I - 2 potions of degeneration {unknown}
 L - 2 potions of lignification {unknown}
 M - a potion of brilliance {unknown}
 N - a potion of berserk rage {unknown}
 P - a potion of mutation {unknown}
 R - 3 potions of resistance {unknown}


   Skills:
 + Level 5.5 Fighting
 + Level 7.3 Short Blades
 + Level 6.6 Throwing
 + Level 8.4 Dodging
 + Level 11.4 Stealth


You had 8 spell levels left.
You didn't know any spells.
Your spell library contained the following spells:

 Spells                   Type           Power      Damage    Failure   Level
 Magic Dart               Conj           0%         1d3       30%         1
 Sting                    Tmut/Pois      0%         1d3       30%         1
 Call Imp                 Summ           0%         N/A       43%         2
 Poisonous Vapours        Pois/Air       0%         N/A       43%         2
 Sublimation of Blood     Necr           0%         N/A       43%         2
 Wereblood                Tmut           0%         N/A       43%         2
 Mephitic Cloud           Conj/Pois/Air  0%         N/A       67%         3
 Olgreb's Toxic Radiance  Pois           0%         N/A       97%         4
 Summon Hydra             Summ           0%         N/A       100%        7


Dungeon Overview and Level Annotations

Branches:
Dungeon (8/15)             Temple (1/1) D:7           Sewer (visited)
   Lair: D:8-11

Altars:
Ashenzari
Cheibriados
Dithmenos
Elyvilon
Fedhas
Gozag
Hepliaklqana
Kikubaaqudgha
Makhleb
Nemelex Xobeh
Okawaru
Qazlal
Ru
Sif Muna
Trog
Uskayaw
Vehumet
Wu Jian
Xom
Yredelemnul
Zin
The Shining One

Shops:
D:3 (


Innate Abilities, Weirdness & Mutations

You are very small and have problems with some larger weapons.
You are too small for most types of armour.
You have supernaturally acute eyesight. (SInv)
You cover ground extremely quickly. (Speed+++)


Message History

Aim: a kobold brigand, wielding the +3 rapier of Maryseir {chaos, Fragile rElec rPois MP+9} and quivering poisoned darts (moderately wounded, 59% to hit)
You throw a poisoned dart.
The poisoned dart closely misses the kobold brigand.
Throw: 28 darts (poison)
Press: ? - help, Q - select action, (/) - cycle Shift-Dir - straight line, f/p - kobold brigand
Aim: a kobold brigand, wielding the +3 rapier of Maryseir {chaos, Fragile rElec rPois MP+9} and quivering poisoned darts (moderately wounded, 59% to hit)
You throw a poisoned dart.
The poisoned dart hits the kobold brigand!
The kobold brigand is moderately wounded.
The kobold brigand throws a poisoned dart.
The poisoned dart completely misses you.
The kobold misses you.
You puncture the kobold!
You kill the kobold!
Dithmenos accepts your kill.
You hit the kobold brigand.
The kobold brigand is poisoned.
The kobold brigand is moderately wounded.
You barely miss the kobold brigand.
The kobold brigand is moderately wounded.
The kobold brigand hits you with the +3 rapier of Maryseir {chaos, Fragile rElec rPois MP+9}.
You are poisoned.
You hit the kobold brigand.
The kobold brigand looks as sick as possible!
The kobold brigand is heavily wounded.
You feel sick.
The kobold brigand hits you with the +3 rapier of Maryseir {chaos, Fragile rElec rPois MP+9}.
You suddenly lose the ability to move!
You feel very sick.
The kobold brigand hits you with the +3 rapier of Maryseir {chaos, Fragile rElec rPois MP+9}.
You are more poisoned.
You feel very sick.
The kobold brigand completely misses you.
You feel very sick.
The kobold brigand hits you with the +3 rapier of Maryseir {chaos, Fragile rElec rPois MP+9}!
* * * LOW HITPOINT WARNING * * *
You are more poisoned.
* * * LOW HITPOINT WARNING * * *
You feel very sick.
The kobold brigand hits you with the +3 rapier of Maryseir {chaos, Fragile rElec rPois MP+9}.
You die...

#........# #........#
#........########### # #####
#........#.........# ########...#
#...^....#.........#
.......#...###........#.........#
######.....##.........#.........#
.# ##....##.........#.........#
.## ##........@...........<...#
..# #....#####K#.............#
..#### #....#...#...............#
.....####...#...#.......#########
...#...................<#
##.#####..#.............#
#.......#.....(.......##
#.........#...........##
##.......##.............#


You could see a kobold brigand (extremely poisoned).

Vanquished Creatures
  A two-headed ogre (D:8)
  A hornet (D:8)
  The ghost of Mindmass the Conjurer, an amateur HuCj (D:3)
  2 wyverns
  A water moccasin (D:7)
  A sky beast (D:7)
  An ogre (D:5)
  3 centaurs
  A phantom (D:7)
  2 kobold brigands (Sewer)
  2 bullfrogs (D:8)
  2 gnoll sergeants (D:7)
  3 wights (D:8)
  2 howler monkeys (D:7)
  3 gnoll boudas
  4 orc priests
  Jessica (D:3)
  8 orc wizards
  2 iguanas
  2 sleepcaps
  23 gnolls
  16 adders
  9 river rats
  3 white imps
  2 worms
  4 dart slugs
  40 orcs
  11 bats
  6 endoplasms
  8 goblins
  13 hobgoblins
  4 jackals (D:1)
  4 quokkas
  11 ball pythons
  4 frilled lizards
  24 kobolds
  28 rats
253 creatures vanquished.

Notes
Turn   | Place    | Note
-------+----------+-------------------------------------------
     0 | D:1      | BinkBink the Spriggan Brigand began the quest for the Orb.
     0 | D:1      | Reached XP level 1. HP: 10/10 MP: 2/2
    15 | D:1      | You fall into a shaft and drop 1 floor!
   304 | D:1      | Reached skill level 6 in Stealth
   308 | D:1      | Reached XP level 2. HP: 15/15 MP: 3/3
   712 | D:1      | Reached XP level 3. HP: 18/18 MP: 4/4
  1501 | D:2      | Reached XP level 4. HP: 20/23 MP: 5/5
  1943 | D:3      | Noticed Jessica
  2020 | D:3      | Found a transporter.
  2021 | D:3      | Found a transporter.
  2140 | D:3      | Identified the +0 mace "Murmur" {vamp, rElec rPois Str+5}
  2276 | D:3      | Found a glowing drain.
  2302 | Sewer    | Entered a sewer
  2357 | Sewer    | Noticed a kobold brigand
  2357 | Sewer    | Noticed a kobold brigand
  2400 | Sewer    | Reached XP level 5. HP: 27/27 MP: 6/6
  2501 | Sewer    | Reached skill level 7 in Stealth
  2525 | Sewer    | Reached XP level 6. HP: 25/32 MP: 7/7
  3424 | D:3      | Found Laejof's Antique Weapon Shoppe.
  3487 | D:3      | Killed Jessica
  3515 | D:3      | Found a white marble altar of Elyvilon.
  3743 | D:3      | Identified the +7 halberd of Benevolence {pain, *Noise
                  | Dex+5}
  3767 | D:3      | Found a radiant altar of Vehumet.
  3767 | D:3      | Found a hazy altar of Hepliaklqana.
  3902 | D:3      | Noticed Mindmass's ghost (amateur HuCj)
  4200 | D:4      | Reached XP level 7. HP: 36/36 MP: 8/8
  4502 | D:4      | Found a burning altar of Makhleb.
  4730 | D:5      | Entered Level 5 of the Dungeon
  4789 | D:5      | Identified the ring of Bodu {rPois Will- MP+9 Str+2}
  4802 | D:5      | Reached skill level 8 in Stealth
  4977 | D:5      | Identified the +3 rapier of Maryseir {chaos, Fragile rElec
                  | rPois MP+9}
  4985 | D:5      | Reached skill level 5 in Dodging
  5064 | D:5      | Found a large runed translucent door.
  5064 | D:5      | Found a large runed translucent door.
  5209 | D:5      | Found a shimmering altar of Xom.
  5770 | D:6      | Reached XP level 8. HP: 13/42 MP: 9/9
  6197 | D:7      | Reached skill level 5 in Short Blades
  6311 | D:7      | Found a staircase to the Ecumenical Temple.
  6334 | D:7      | Reached skill level 9 in Stealth
  6339 | Temple   | Entered the Ecumenical Temple
  6422 | D:7      | Found a stormy altar of Qazlal.
  6422 | D:7      | Found a basalt altar of Yredelemnul.
  6423 | D:7      | Found a bloodstained altar of Trog.
  6423 | D:7      | Found a sacrificial altar of Ru.
  6424 | D:7      | Found an iron altar of Okawaru.
  6424 | D:7      | Found a blossoming altar of Fedhas.
  6424 | D:7      | Found a shimmering blue altar of Sif Muna.
  6425 | D:7      | Found an ornate altar of the Wu Jian Council.
  6425 | D:7      | Found a sparkling altar of Nemelex Xobeh.
  6426 | D:7      | Found a glowing golden altar of the Shining One.
  6908 | D:7      | Reached skill level 5 in Throwing
  7433 | D:7      | Found a shadowy altar of Dithmenos.
  7469 | D:7      | Became a worshipper of Dithmenos the Shadowed
  7715 | D:8      | Reached skill level 10 in Stealth
  7794 | D:8      | Reached XP level 9. HP: 33/46 MP: 10/10
  8266 | D:8      | Reached skill level 5 in Fighting
  8413 | D:8      | Noticed a two-headed ogre
  8416 | D:8      | Killed a two-headed ogre
  8417 | D:8      | Reached skill level 11 in Stealth
  8555 | D:8      | Reached * piety under Dithmenos
  9626 | D:3      | Killed Mindmass's ghost
  9861 | D:5      | Paralysed by a kobold brigand for 5 turns
  9865 | D:5      | HP: 2/47 [poisoned by a kobold brigand]
  9865 | D:5      | Slain by a kobold brigand

Illustrated notes

Levels and vault maps discovered:
D:1:      denvon_arrival_planthouse, layout_loops_corners
D:2:      layout_basic
D:3:      layout_basic, mainiacjoe_overflow_small_starburst,
          gammafunk_temple_overflow_pools, gup_sewer_entry_bubbles,
          serial_shops, shop, gammafunk_ghost_gnarly_gnolls, minmay_vboxes,
          uniq_jessica
D:4:      layout_loops_cross, mainiacjoe_overflow_surrounded_room,
          nicolae_half_adder
D:5:      due_chaos_kobolds, layout_rooms
D:6:      layout_loops_ring, palyth_stone_intersect
D:7:      layout_loops_ring, lemuel_round_altar, nicolae_overflows_in_rows,
          minmay_temple_entry_grid
D:8:      layout_cave_pods
Temple:   nicolae_temple_little_seven

Skill      XL: |  1  2  3  4  5  6  7  8  9 |
---------------+----------------------------+-----
Stealth        | 6 7 8 10 11 | 11.4
Dodging        | 2 3 4 5 6 8 |  8.4
Fighting       | 2 3 4 5 |  5.5
Short Blades   | 3 4 6 7 |  7.3
Throwing       | 3 4 5 6 |  6.6

Action                     |  1- 3 |  4- 6 |  7- 9 || total
---------------------------+-------+-------+-------++-------
  Melee: Dagger            |    69 |     8 |   501 ||   578
         Quick blade       |    85 |    33 |       ||   118
         Short sword       |       |   243 |       ||   243
         Punch             |       |     3 |    15 ||    18
  Throw: Dart              |       |    21 |    75 ||    96
    Use: Potion            |       |     2 |     1 ||     3
   Stab: Sleeping          |    18 |    11 |    12 ||    41
         Distracted        |     1 |     2 |       ||     3
 Armour: Robe              |    27 |    52 |   141 ||   220
  Dodge: Dodged            |    73 |   200 |   304 ||   577

Table legend: (Time is in decaauts)
 A = Elapsed time spent in this place.
 B = Non-inter-level travel time spent in this place.
 C = Inter-level travel time spent in this place.
 D = Time resting spent in this place.
 E = Time spent auto-exploring this place.
 F = Levels seen in this place.
 G = Mean time per level.
                   A        B        C        D        E       F      G
               +--------+--------+--------+--------+--------+-----+--------+
         Total |   6862 |   6518 |    344 |      0 |   4429 |  10 |  686.2 |
       Dungeon |   5983 |   5639 |    344 |      0 |   3959 |   8 |  747.9 |
        Temple |     70 |     70 |      0 |      0 |     69 |   1 |   70.0 |
         Sewer |    808 |    808 |      0 |      0 |    401 |   1 |  808.0 |
               +--------+--------+--------+--------+--------+-----+--------+

Top non-repeatable levels by time:
     D:3: 1085 daAuts
     D:7: 898 daAuts
     D:8: 891 daAuts
   Sewer: 808 daAuts
     D:6: 795 daAuts
     D:2: 671 daAuts
     D:1: 656 daAuts
     D:4: 538 daAuts
     D:5: 446 daAuts
  Temple: 70 daAuts
